 Dungeon Crawl Stone Soup version 0.23.2-1-ga50397a (webtiles) character file.

Game seed: 6393606748226714401

5436 whitewolfNL the Basher (level 10, -3/90 HPs)
             Began as a Minotaur Berserker on May 24, 2019.
             Was a High Priest of Trog.
             Slain by a two-headed ogre
             ... wielding a +0 giant club
              (18 damage)
             ... on level 9 of the Dungeon.
             The game lasted 00:37:09 (8707 turns).

whitewolfNL the Basher (Minotaur Berserker)         Turns: 8707, Time: 00:37:10

Health: -3/90      AC: 12    Str: 24    XL:     10   Next: 41%
Magic:  12/12      EV:  9    Int:  4    God:    Trog [*****.]
Gold:   107        SH: 10    Dex: 14    Spells: 9/9 levels left

rFire    . . .     SeeInvis .   N - +6 broad axe (flame)
rCold    + . .     Gourm    .   b - +0 shield
rNeg     . . .     Faith    .   l - +2 chain mail {rC+}
rPois    +         Spirit   .   (helmet restricted)
rElec    .         Reflect  .   (no cloak)
rCorr    .         Harm     .   (no gloves)
MR       .....                  (no boots)
Stlth    ..........             (no amulet)
HPRegen  0.25/turn              v - +3 ring of strength
MPRegen  0.13/turn              E - ring of poison resistance

@: berserk cooldown, slowed, drained, very slow
A: retaliatory headbutt, horns 2
a: Berserk, Trog's Hand, Brothers in Arms, Renounce Religion


You were on level 9 of the Dungeon.
You worshipped Trog.
Trog was extremely pleased with you.
You were near starving.

You visited 1 branch of the dungeon, and saw 10 of its levels.

You collected 627 gold pieces.
You spent 520 gold pieces at shops.

Inventory:

Hand Weapons
 j - a +0 short sword
 s - a +1 mace of protection
 A - a +0 morningstar
 N - a +6 broad axe of flaming (weapon)
Missiles
 d - 120 arrows
 f - 118 bolts
 o - 223 stones (quivered)
 D - 61 sling bullets
 K - 12 poisoned needles
Armour
 b - a +0 shield (worn)
 l - a +2 chain mail of cold resistance (worn)
Jewellery
 v - a +3 ring of strength (left hand)
 E - a ring of poison resistance (right hand)
 L - a +6 ring of dexterity {unknown}
 M - a +3 ring of protection {unknown}
Wands
 k - a wand of iceblast (6)
 F - a wand of enslavement (15)
 G - a wand of acid (17)
Scrolls
 g - 8 scrolls of teleportation {unknown}
 i - 3 scrolls of enchant armour {unknown}
 m - 2 scrolls of noise {unknown}
 r - a scroll of random uselessness {unknown}
 t - 6 scrolls of identify {unknown}
 w - 6 scrolls of remove curse {unknown}
 x - 4 scrolls of immolation {unknown}
 y - a scroll of blinking {unknown}
 I - 2 scrolls of magic mapping {unknown}
 J - a scroll of amnesia {unknown}
Potions
 a - a potion of agility {unknown}
 e - 2 potions of flight {unknown}
 h - 2 potions of mutation {unknown}
 n - 4 potions of lignification
 q - a potion of brilliance {unknown}
 u - 2 potions of berserk rage {unknown}
 z - a potion of haste
 C - a potion of cancellation {unknown}
 H - a potion of curing
Miscellaneous
 O - a lamp of fire (inert)
Comestibles
 c - 20 rations


   Skills:
 + Level 8.4(7.6) Fighting
 * Level 10.4(9.6) Maces & Flails
 + Level 5.5(4.8) Throwing
 + Level 7.2(6.5) Armour
 + Level 6.6(5.8) Dodging
 - Level 4.4(3.7) Shields
 - Level 4.0(3.3) Evocations


You had 9 spell levels left.
You didn't know any spells.
Your spell library was empty.

Dungeon Overview and Level Annotations

Branches:
Dungeon (10/15)            Temple (0/1) D:7             Orc (0/2) D:9
   Lair: D:8-11

Altars:
Ashenzari
Cheibriados
Dithmenos
Elyvilon
Gozag
Hepliaklqana
Makhleb
Qazlal
Ru
Xom
Yredelemnul
Zin
The Shining One

Shops:
D:4 [   D:9 *


Innate Abilities, Weirdness & Mutations

You reflexively headbutt those who attack you in melee.
You have a pair of horns on your head.


Message History

You block the two-headed ogre's attack.
The two-headed ogre hits you but does no damage.
The orc wizard hits you but does no damage.
You block the orc priest's attack.
You slash the orc priest! You burn the orc priest.
You kill the orc priest!
Trog accepts your kill.
You hit the orc wizard. You burn the orc wizard.
You hit the two-headed ogre but do no damage.
You slash the wight! You burn the wight.
The wight hits you with a cursed +3 long sword.
* * * LOW HITPOINT WARNING * * *
You feel drained.
* * * LOW HITPOINT WARNING * * *
The orc wizard casts a spell.
The orc wizard blinks!
The two-headed ogre barely misses you. You furiously retaliate!
You headbutt the two-headed ogre! The two-headed ogre closely misses you.
You block the wight's attack.
The two-headed ogre hits you with a +0 giant club!!
You die...

...)).........##........# #.#.#
...##≈≈.......##...∩....# #.#.#
...#.≈≈.......##........# #.#.#
###'.≈≈..#....##.≈...≈..# #.#.#
≈≈≈≈≈8≈..###..##........## #.#.#
≈≈≈≈≈≈8.## #...##..##....# #...#
........# ##..##.###....# ##.###
###...#######..Oz[###....# #..#
......##........@........# #..#
...<>....#######§..o.....###[.#
###...#### ###..###......##..#
##### ###...## #.......#..###
#...### ##....#......#
###########.#########..##.......#
...............^......÷....)....#
######.....##########..#.###....#
#....##### #....# #....#


You could see a two-headed ogre, a wight and an orc wizard.

Vanquished Creatures
  The ghost of Kahibar the Cleaver, a novice HOFi of Makhleb (D:6)
  The ghost of Cryoshakespeare the Chucker, an amateur OgHu (D:4)
  Grinder (D:3)
  Sigmund (D:3)
  A sky beast (D:8)
  2 ice beasts
  6 orc warriors
  A necrophage (D:5)
  2 centaurs
  An ogre (D:7)
  2 phantoms (D:9)
  A big kobold (D:9)
  5 bullfrogs
  2 scorpions
  4 killer bees (D:7)
  3 wights
  2 electric eels (D:9)
  A howler monkey (D:4)
  4 vampire bats (D:4)
  A crimson imp (D:5)
  A quasit (D:6)
  A bullfrog zombie (D:7)
  6 hounds
  A jelly (D:7)
  11 orc priests
  A bullfrog skeleton (D:6)
  15 orc wizards
  Terence (D:2)
  9 worker ants
  Natasha (thrice) (D:3)
  An iguana (D:7)
  A killer bee zombie (D:6)
  A hound zombie (D:8)
  4 hound skeletons
  A mummy (D:6)
  Robin (D:3)
  9 adders
  4 gnolls (D:8)
  4 shadow imps
  An adder zombie (D:6)
  An adder skeleton (D:8)
  6 worms
  3 dart slugs
  4 leopard geckos
  56 orcs
  14 bats
  7 giant cockroaches
  13 goblins
  13 hobgoblins
  9 jackals
  5 kobolds
  4 quokkas
  7 frilled lizards
  11 rats
  A fungus (D:9)
  12 plants (D:9)
284 creatures vanquished.

Notes
Turn   | Place    | Note
-------+----------+-------------------------------------------
     0 | D:1      | whitewolfNL the Minotaur Berserker began the quest for the
                  | Orb.
     0 | D:1      | Reached XP level 1. HP: 19/19 MP: 0/0
   242 | D:1      | Reached XP level 2. HP: 27/27 MP: 1/1
   812 | D:1      | Reached skill level 4 in Maces & Flails
  1089 | D:2      | Reached skill level 1 in Throwing
  1089 | D:2      | Reached skill level 1 in Shields
  1089 | D:2      | Reached XP level 3. HP: 23/33 MP: 2/2
  1323 | D:2      | Noticed Terence
  1332 | D:2      | Killed Terence
  1332 | D:2      | Reached XP level 4. HP: 40/40 MP: 3/3
  1333 | D:2      | Reached ** piety under Trog
  1506 | D:2      | Noticed an orc warrior
  1515 | D:2      | Killed an orc warrior
  1515 | D:2      | Reached skill level 5 in Maces & Flails
  1515 | D:2      | Reached XP level 5. HP: 41/47 MP: 4/4
  1959 | D:3      | Noticed Natasha
  1970 | D:3      | Noticed Robin
  1971 | D:3      | Killed Natasha
  1975 | D:3      | Reached XP level 6. HP: 45/53 MP: 5/5
  1988 | D:3      | Reached *** piety under Trog
  1993 | D:3      | Killed Robin
  2231 | D:3      | Found a glowing golden altar of the Shining One.
  2231 | D:3      | Found a white marble altar of Elyvilon.
  2231 | D:3      | Found a glowing silver altar of Zin.
  2241 | D:3      | Noticed Sigmund
  2265 | D:3      | Killed Sigmund
  2441 | D:3      | Noticed Grinder
  2449 | D:3      | Killed Grinder
  2449 | D:3      | Reached skill level 5 in Fighting
  2449 | D:3      | Reached skill level 6 in Maces & Flails
  2449 | D:3      | Reached XP level 7. HP: 61/61 MP: 6/6
  2595 | D:3      | Noticed Natasha
  2600 | D:3      | Killed Natasha
  2609 | D:3      | Noticed Natasha
  2614 | D:3      | Killed Natasha
  2641 | D:3      | Found a snail-covered altar of Cheibriados.
  2898 | D:4      | Found a shimmering altar of Xom.
  3007 | D:4      | Found a shattered altar of Ashenzari.
  3037 | D:4      | Reached **** piety under Trog
  3244 | D:4      | Reached XP level 8. HP: 70/70 MP: 7/7
  3284 | D:4      | Reached skill level 7 in Maces & Flails
  3334 | D:4      | Found Hidiy's Armour Boutique.
  3357 | D:4      | Found a large runed translucent door.
  3358 | D:4      | Found a large runed translucent door.
  3360 | D:4      | Noticed Cryoshakespeare's ghost (amateur OgHu)
  3377 | D:4      | Killed Cryoshakespeare's ghost
  3377 | D:4      | Reached skill level 5 in Armour
  3796 | D:5      | Entered Level 5 of the Dungeon
  4183 | D:5      | Reached skill level 8 in Maces & Flails
  4203 | D:5      | Reached skill level 5 in Dodging
  4458 | D:5      | Reached ***** piety under Trog
  4566 | D:5      | Reached XP level 9. HP: 54/79 MP: 8/8
  4849 | D:6      | Noticed Kahibar's ghost (novice HOFi)
  4851 | D:6      | Found a transporter.
  4916 | D:6      | Found a transporter.
  5083 | D:6      | Found an opulent altar of Gozag.
  5090 | D:6      | Found a basalt altar of Yredelemnul.
  5093 | D:6      | Found a stormy altar of Qazlal.
  5290 | D:6      | Killed Kahibar's ghost
  5290 | D:6      | Reached skill level 9 in Maces & Flails
  5731 | D:7      | Found a shadowy altar of Dithmenos.
  5819 | D:7      | Found a staircase to the Ecumenical Temple.
  6060 | D:7      | Reached skill level 5 in Throwing
  6561 | D:8      | Found a hazy altar of Hepliaklqana.
  6577 | D:8      | Reached XP level 10. HP: 88/88 MP: 11/11
  6842 | D:8      | Found a snail-covered altar of Cheibriados.
  7041 | D:8      | Received a gift from Trog
  7181 | D:8      | Found a burning altar of Makhleb.
  7326 | D:9      | Found Muigok's Elemental Accessories.
  7367 | D:9      | Bought a lamp of fire for 520 gold pieces
  7396 | D:9      | Reached skill level 10 in Maces & Flails
  7987 | D:9      | Found a staircase to the Orcish Mines.
  8098 | D:9      | Found a sacrificial altar of Ru.
  8695 | D:10     | Entered Level 10 of the Dungeon
  8695 | D:10     | Noticed a two-headed ogre
  8707 | D:9      | Slain by a two-headed ogre

Skill      XL: |  1  2  3  4  5  6  7  8  9 10 |
---------------+-------------------------------+-----
Maces & Flails | 4 5 6 8 9 10 | 10.4
Throwing       | 1 2 3 4 5 |  5.5
Shields        | 1 2 3 4 |  4.4
Fighting       | 4 5 7 8 |  8.4
Armour         | 3 4 5 6 7 |  7.2
Dodging        | 3 4 5 6 |  6.6
Evocations     | 3 4 |  4.0

Action                   |  1- 3 |  4- 6 |  7- 9 | 10-12 || total
-------------------------+-------+-------+-------+-------++-------
Melee: Mace              |    64 |   124 |   361 |    31 ||   580
       Headbutt          |    10 |    24 |    82 |    41 ||   157
       Broad axe         |       |       |       |   151 ||   151
Throw: Stone             |       |       |       |    33 ||    33
       Tomahawk          |       |       |       |    11 ||    11
       Throwing net      |       |       |       |     1 ||     1
Invok: Berserk           |     2 |     4 |    16 |     4 ||    26
Evoke: Lamp of fire      |       |       |       |     1 ||     1
  Use: Potion            |       |       |       |     6 ||     6
 Stab: Held in net/web   |       |       |       |     1 ||     1
  Eat: Chunk             |     2 |     7 |    29 |    10 ||    48
Armor: Animal skin       |     4 |       |       |       ||     4
       Leather armour    |    18 |       |       |       ||    18
       Chain mail        |       |    60 |   212 |    54 ||   326
       Skin              |       |       |       |    18 ||    18
Dodge: Dodged            |    36 |    40 |   121 |    37 ||   234
Block: Shield            |    21 |    76 |   230 |    75 ||   402
